AoeStats
← darador86

Lombardia

508994978Analyzed
4v4 RM · 9d ago on Sep 25, 2026· 60m 19s· 8 players
Game mode
Random Map
Map size
Large (8 player)
Population
200
Speed
Normal
Resources
Standard
Victory
Conquest
Starting age
Dark Age
Ending age
Imperial Age
RankedLock teamsTeams togetherTeam positionsShared explorationLock speedFull tech treeHidden civsTurbo modeCheats
Victory
Defeat
🇦🇷 Franks · Argentina
963
+12
🇦🇺 Japanese · Australia
937
+13
🇨🇳 Varangians · China
896
+14
🇵🇪 Turks · Peru
791
+19
🇦🇷 Wei · Argentina
1109
-24
🇦🇷 Varangians · Argentina
828
-13
🇺🇾 Danes · Uruguay
798
-12
🇦🇷 Huns · Argentina
706
-9
musoq
12:44 Feudal Age
17:56 Castle Age
23:01 Imperial Age
23:37 Forging
23:28 Scale Mail Armor
23:29 Padded Archer Armor
23:20 Fletching
26:57 Iron Casting
26:39 Chain Mail Armor
26:39 Leather Archer Armor
29:26 Blast Furnace
33:20 Wheelbarrow
32:31 Loom
36:18 Double-Bit Axe
36:19 Horse Collar
38:45 Plate Mail Armor
38:46 Ring Archer Armor
38:12 Bodkin Arrow
39:01 Hand Cart
38:32 Town Watch
47:30 Bracer
47:35 Scale Barding Armor
49:07 Husbandry
56:29 Caravan
57:03 Caravan
57:34 Coinage
59:56 Heavy Camel Rider
59:58 Cavalier
hernansl
10:08 Feudal Age
14:26 Double-Bit Axe
17:17 Castle Age
16:04 Gold Mining
18:55 Stone Mining
21:30 Forging
22:36 Scale Barding Armor
27:29 Iron Casting
30:41 Imperial Age
29:14 Bow Saw
29:21 Pikeman
30:01 Squires
30:10 Husbandry
31:20 Chain Barding Armor
31:44 Gold Shaft Mining
32:07 Wheelbarrow
31:07 Cavalier
32:39 Scale Mail Armor
32:56 Fletching
34:31 Blast Furnace
35:06 Plate Barding Armor
37:18 Chain Mail Armor
38:01 Hand Cart
38:50 Halberdier
40:57 Plate Mail Armor
42:48 Conscription
42:19 Arson
43:00 Paladin
47:57 Bodkin Arrow
TheSpider007917
7:22 Loom
10:48 Feudal Age
11:41 Double-Bit Axe
17:38 Castle Age
15:52 Stone Mining
16:02 Horse Collar
18:14 Pikeman
19:54 Fletching
21:58 Gold Mining
22:00 Town Watch
27:05 Crossbowman
27:50 Thumb Ring
29:04 Wheelbarrow
28:46 Arson
29:38 Bow Saw
30:46 Squires
31:52 Gold Shaft Mining
32:24 Forging
32:14 Scale Mail Armor
32:16 Padded Archer Armor
33:46 Heavy Plow
34:15 Yasama
36:07 Leather Archer Armor
36:47 Fortified Wall
36:33 Murder Holes
40:45 Imperial Age
38:48 Bodkin Arrow
40:09 Iron Casting
40:57 Caravan
41:26 Hand Cart
41:26 Halberdier
43:41 Kataparuto
43:57 Hoardings
43:33 Town Patrol
43:33 Capped Ram
43:34 Heavy Scorpion
46:01 Chemistry
44:47 Arrowslits
44:44 Treadmill Crane
45:14 Masonry
45:48 Chain Mail Armor
47:23 Conscription
47:26 Gambesons
47:02 Man-at-Arms
47:48 Bracer
48:42 Plate Mail Armor
49:36 Fervor
51:12 Ballistics
50:58 Siege Engineers
50:46 Guard Tower
51:12 Elite Samurai
57:30 Coinage
待有时
11:05 Feudal Age
14:56 Castle Age
12:57 Double-Bit Axe
14:21 Horse Collar
17:23 Bow Saw
21:48 Heavy Plow
22:42 Gold Mining
22:43 Stone Mining
24:39 Stone Shaft Mining
24:52 Wheelbarrow
27:07 Hand Cart
31:10 Loom
31:10 Town Watch
33:09 Fletching
33:19 Padded Archer Armor
33:30 Forging
33:20 Scale Mail Armor
33:25 Scale Barding Armor
33:54 Bloodlines
33:44 Husbandry
37:43 Imperial Age
36:03 Masonry
36:03 Fortified Wall
36:14 Ballistics
36:10 Town Patrol
36:12 Caravan
42:09 Architecture
42:56 Two-Man Saw
42:37 Conscription
41:37 Elite Jarl
42:40 Chain Barding Armor
42:56 Iron Casting
42:36 Chain Mail Armor
42:16 Bodkin Arrow
42:36 Leather Archer Armor
43:25 Chemistry
42:22 Murder Holes
42:07 Treadmill Crane
43:33 Chemistry
42:29 Murder Holes
43:16 Coinage
45:27 Crop Rotation
47:06 Fervor
46:25 Gothikon
46:30 Vendel Legacy
48:11 Blast Furnace
47:41 Plate Mail Armor
47:47 Plate Barding Armor
47:42 Ring Archer Armor
47:12 Bracer
48:11 Banking
49:14 Siege Engineers
53:13 Elite Varangian Guard
53:54 Squires
56:18 Pikeman
56:44 Arson
56:20 Man-at-Arms
56:45 Gambesons
56:58 Halberdier
57:02 Long Swordsman
QueMatracaAriel
8:21 Loom
10:46 Feudal Age
11:19 Double-Bit Axe
16:41 Bloodlines
17:09 Horse Collar
22:41 Castle Age
22:25 Scale Barding Armor
22:22 Gold Mining
22:23 Stone Mining
24:01 Wheelbarrow
26:24 Bow Saw
26:18 Heavy Plow
26:30 Husbandry
32:57 Town Watch
32:48 Vendel Legacy
33:45 Forging
39:12 Imperial Age
37:37 Iron Casting
38:14 Hand Cart
38:45 Chain Barding Armor
39:41 Squires
39:14 Elite Varangian Guard
40:17 Conscription
40:25 Scale Mail Armor
40:03 Cavalier
41:20 Arson
42:16 Gothikon
45:42 Blast Furnace
44:58 Chain Mail Armor
49:12 Plate Mail Armor
49:18 Light Cavalry
51:24 Hussar
54:31 Plate Barding Armor
Leandro Magno
6:12 Loom
12:25 Feudal Age
18:30 Castle Age
17:20 Bloodlines
17:03 Gold Mining
17:02 Horse Collar
19:13 Double-Bit Axe
20:46 Heavy Plow
22:33 Bow Saw
26:33 Scale Barding Armor
28:16 Forging
28:57 Stone Mining
29:52 Iron Casting
30:27 Husbandry
31:24 Chain Barding Armor
32:17 Wheelbarrow
34:03 Fletching
33:37 Pikeman
35:21 Caravan
36:54 Murder Holes
37:34 Bodkin Arrow
40:15 Scale Mail Armor
40:26 Man-at-Arms
41:29 Long Swordsman
44:25 Ballistics
44:24 Chain Mail Armor
48:56 Gold Shaft Mining
50:23 Elite Skirmisher
JoaKo_uy
2:17 Loom
2:24 Loom
12:14 Feudal Age
13:07 Horse Collar
16:54 Wheelbarrow
17:34 Town Watch
20:36 Castle Age
20:29 Gold Mining
21:04 Scale Mail Armor
21:16 Forging
20:40 Man-at-Arms
21:31 Double-Bit Axe
22:13 Heavy Plow
22:50 Bow Saw
25:21 Gold Shaft Mining
27:26 Squires
28:46 Pikeman
31:45 Hand Cart
32:02 Gambesons
31:53 Long Swordsman
32:21 Arson
34:06 Town Patrol
35:16 Chain Mail Armor
35:49 Iron Casting
44:01 Fletching
51:59 Imperial Age
52:11 Imperial Age
50:25 Hamask
52:18 Elite Varangian Guard
54:02 Conscription
darador86
12:24 Feudal Age
14:02 Double-Bit Axe
14:46 Horse Collar
20:59 Castle Age
21:53 Bow Saw
21:20 Pikeman
22:02 Squires
23:55 Heavy Plow
26:41 Husbandry
29:55 Town Watch
30:47 Wheelbarrow
31:22 Bloodlines
31:22 Scale Barding Armor
31:17 Scale Mail Armor
31:27 Forging
31:09 Fletching
35:13 Imperial Age
32:47 Marauders
33:49 Chain Mail Armor
33:46 Gold Mining
33:46 Stone Mining
35:10 Hand Cart
34:56 Town Patrol
37:14 Gold Shaft Mining
37:42 Two-Man Saw
39:14 Parthian Tactics
41:13 Heavy Cavalry Archer
48:29 Chemistry
48:03 Elite Tarkan
50:55 Conscription
54:09 Ballistics
Connection lost

Rejoining the realm…

Still unreachable

The connection could not be restored.

Session expired

The server has moved on; the page needs a fresh start.